 Dungeon Crawl Stone Soup version 0.19-a0-1225-gf887c1c (webtiles) character file.

8813 glosham the Nimble (level 11, 0/76 HPs)
             Began as a Kobold Abyssal Knight on Aug 25, 2016.
             Was a High Priest of Lugonu.
             Killed by vampiric draining
             ... invoked by Josephine
              (13 damage)
             ... on level 11 of the Dungeon.
             The game lasted 02:21:39 (7881 turns).

glosham the Nimble (Kobold Abyssal Knight)          Turns: 7881, Time: 02:21:39

Health: 0/76       AC:  9    Str: 14    XL:     11   Next: 62%
Magic:  12/12      EV: 20    Int: 10    God:    Lugonu [*****.]
Gold:   619        SH:  0    Dex: 16    Spells: 0 memorised, 10 levels left

rFire  . . .     SeeInvis .     a - +12 dagger of the Endless Expanse {flame, rElec}
rCold  + . .     Gourm    .     X - +3 ring mail
rNeg   . . .     Faith    .     (shield restricted)
rPois  .         Spirit   .     (no helmet)
rElec  +         Dismiss  .     Y - +0 cloak
rCorr  .         Reflect  .     (no gloves)
MR     .....     Harm     .     (no boots)
Stlth  +++.......               z - amulet of regeneration
                                (no ring)
                                A - ring of protection from cold

@: heavily drained
A: carnivore 3
a: Depart the Abyss, Bend Space, Banish, Corrupt, Enter the Abyss, Renounce
Religion


You were on level 11 of the Dungeon.
You worshipped Lugonu.
Lugonu was extremely pleased with you.
You were very full.

You visited 1 branch of the dungeon, and saw 11 of its levels.
You visited the Abyss 1 time.
You also visited: Sewer.

You collected 619 gold pieces.

Inventory:

Hand Weapons
 a - the +12 dagger of the Endless Expanse (weapon) {flame, rElec}
   (You found it on level 9 of the Dungeon)

   It has been specially enchanted to burn those struck by it, causing extra
   injury to most foes and up to half again as much damage against particularly
   susceptible opponents.
   It insulates you from electricity.
 b - the +9 scimitar of the Endless Expanse {slice, +Rage rF+ Str+5 Int-5}
   (You found it on level 2 of the Abyss)

   It inflicts extra damage upon your enemies.
   It affects your strength (+5).
   It affects your intelligence (-5).
   It protects you from fire.
   It lets you go berserk.
 c - the +8 war axe of Dael {chop, +Blink Dex+2 SInv}
   (You found it on level 6 of the Dungeon)

   It inflicts extra damage upon your enemies.
   It affects your dexterity (+2).
   It lets you see invisible.
   It lets you blink.
 d - a +1 quarterstaff of protection
 e - a +0 blowgun
 G - a +0 hand crossbow
Missiles
 D - 36 poisoned needles
 E - a throwing net (quivered)
 F - 12 tomahawks of dispersal
Armour
 T - a +1 plate armour
 X - a +3 ring mail (worn)
 Y - a +0 cloak (worn)
Magical Staves
 P - an uncursed staff of poison
Jewellery
 y - an uncursed amulet of rage
 z - an amulet of regeneration (around neck)
 A - a ring of protection from cold (left hand)
Wands
 g - a wand of acid (1/15)
 h - a wand of acid (0/15)
 i - a wand of iceblast (15/15)
 j - a wand of iceblast (4/15)
Scrolls
 k - 10 scrolls of teleportation
 l - 3 scrolls of enchant armour
 m - a scroll of fog
 n - a scroll of fear
 o - 6 scrolls of remove curse
 p - a scroll of magic mapping
 q - a scroll of recharging
Potions
 r - 4 potions of heal wounds
 s - 4 potions of curing
 t - 2 potions of haste
 u - 2 potions of might
 v - a potion of brilliance {unknown}
 w - a potion of lignification {unknown}
 x - 2 potions of magic {unknown}
 B - a potion of berserk rage {unknown}
 C - a potion of invisibility {unknown}
Comestibles
 f - 6 meat rations


   Skills:
 - Level 12.1(9.6) Fighting
 * Level 7.7(5.5) Short Blades
 - Level 2.0(0.1) Armour
 - Level 12.7(10.1) Dodging
 * Level 7.8(5.5) Stealth
 - Level 2.0(0.0) Invocations


You had 10 spell levels left.
You didn't know any spells.

Dungeon Overview and Level Annotations

Branches:
Dungeon (11/15)            Temple (0/1) D:7            Lair (0/6) D:11
    Orc: D:9-12

Altars:
Elyvilon
Gozag
Hepliaklqana
Kikubaaqudgha
Okawaru
Qazlal
Trog
The Shining One
Beogh

Shops:
D:8 *   D:10 ?

Annotations:
D:11 Josephine


Innate Abilities, Weirdness & Mutations

You are small and have problems with some larger weapons.
You are carnivorous and can eat meat at any time.


Message History

Evoking this partially-identified wand wasted a few charges.
Josephine drinks a potion.
Josephine seems to grow stronger.
The wraith misses you. Josephine casts a spell at you.
The ghostly flame explodes!
The ghostly fireball engulfs the wraith.
The wraith completely resists.
The ghostly fireball engulfs Josephine.
Josephine completely resists.
The ghostly fireball engulfs you!
You feel drained.
A wraith comes into view.
Unknown command.
You puncture the wraith! You burn the wraith.
The wraith is almost destroyed.
The wraith completely misses you.
You puncture the wraith! You burn the wraith.
You destroy the wraith!
Lugonu accepts your kill. Josephine casts a spell at you.
The ghostly flame explodes!
The ghostly fireball engulfs you!
You feel drained.
Josephine grins malevolently.
Josephine closely misses you.
You puncture Josephine!
Josephine is heavily wounded.
Josephine completely misses you.
You puncture Josephine! You burn Josephine.
Josephine is severely wounded.
Josephine hits you with a dagger of draining.
You feel drained.
You puncture Josephine! You burn Josephine.
Josephine is almost dead.
Josephine points at you and mumbles some strange words.
The ghostly flame explodes!
The ghostly fireball engulfs you!
You feel drained.
* * * LOW HITPOINT WARNING * * *
The ghostly fireball engulfs Josephine.
Josephine completely resists.
You closely miss Josephine.
Josephine is almost dead.
You feel yourself speed up. Josephine hits you but does no damage.
You feel drained.
Josephine is infused with unholy energy.
You die...

########
#......#
#......#
#######......#
###.....'......#
#...#####......#
#########.###
#......#
..WWWW@@..#
#......#
.##########
#..(...#
#......#
#......'
#......#
#......#
##.>#### ##. ..


You could see Josephine and 4 wraiths.

Vanquished Creatures
  An ugly thing (D:10)
  3 manticores
  A centaur skeleton (D:11)
  A komodo dragon (D:11)
  A queen bee (D:8)
  Grinder (D:3)
  2 wyverns
  A wraith (D:11)
  2 hungry ghosts
  2 hippogriffs (D:10)
  Purgy (Sewer)
  2 black bears
  3 ice beasts
  6 orc warriors
  3 sky beasts
  5 ogres
  2 phantoms
  A necrophage (D:8)
  5 centaurs
  2 big kobolds
  2 giant frogs (D:7)
  2 scorpions
  14 killer bees (D:8)
  4 wights (D:10)
  4 howler monkeys
  3 crimson imps
  A quasit (D:8)
  2 giant frog zombies
  2 jellies
  3 hounds
  11 orc priests
  14 orc wizards
  An iguana (D:8)
  8 worker ants
  A hound skeleton (D:5)
  A howler monkey skeleton (D:5)
  A river rat (D:5)
  11 adders
  2 shadow imps
  2 adder skeletons
  3 adder zombies
  4 worms
  A dart slug (D:3)
  2 giant geckos
  66 orcs
  3 ball pythons (D:5)
  4 giant cockroaches
  12 goblins
  3 hobgoblins
  12 jackals
  16 kobolds
  3 quokkas
  A ball python skeleton (D:8)
  7 bats
  A giant cockroach zombie (D:6)
  A giant gecko skeleton (D:7)
  A giant newt (D:7)
  A quokka skeleton (D:6)
  A quokka zombie (D:8)
  12 rats
  A plant (D:11)
289 creatures vanquished.

Notes
Turn   | Place    | Note
-------+----------+-------------------------------------------
     0 | Abyss:1  | glosham the Kobold Abyssal Knight began the quest for the Orb.
     0 | Abyss:1  | Reached XP level 1. HP: 14/14 MP: 2/2
    71 | Abyss:2  | Got an iridescent scimitar
    72 | Abyss:2  | Identified the +9 scimitar of the Endless Expanse {slice, +Rage rF+ Str+5 Int-5} (You found it on level 2 of the Abyss)
    98 | Abyss:2  | Noticed a wretched star
   114 | Abyss:2  | Noticed a smoke demon
   117 | D:1      | Escaped the Abyss
   366 | D:1      | Reached XP level 2. HP: 19/19 MP: 3/3
   570 | D:1      | Reached * piety under Lugonu
   607 | D:1      | Reached skill level 3 in Dodging
   902 | D:2      | Reached XP level 3. HP: 24/24 MP: 4/4
  1024 | D:2      | Reached skill level 4 in Fighting
  1126 | D:3      | Found a faded altar of an unknown god.
  1229 | D:4      | Reached XP level 4. HP: 30/30 MP: 5/5
  1392 | D:4      | Reached skill level 4 in Dodging
  1400 | D:4      | Reached XP level 5. HP: 34/34 MP: 6/6
  1520 | D:5      | Entered Level 5 of the Dungeon
  1527 | D:5      | Found a glowing drain.
  1538 | D:5      | Reached skill level 5 in Fighting
  1575 | Sewer    | Entered a sewer
  1609 | Sewer    | Noticed Purgy
  1616 | Sewer    | Killed Purgy
  1616 | Sewer    | Reached ** piety under Lugonu
  1616 | Sewer    | Reached skill level 5 in Dodging
  1616 | Sewer    | Reached skill level 1 in Stealth
  1616 | Sewer    | Reached XP level 6. HP: 40/40 MP: 7/7
  1806 | D:5      | Reached skill level 2 in Armour
  1868 | D:4      | Reached XP level 7. HP: 42/45 MP: 8/8
  2011 | D:4      | Reached skill level 6 in Fighting
  2012 | D:4      | Found a hazy altar of Hepliaklqana.
  2126 | D:2      | Reached skill level 6 in Dodging
  2674 | D:3      | Noticed Grinder
  2698 | D:3      | Paralysed by Grinder for 6 turns
  2721 | D:3      | Paralysed by Grinder for 5 turns
  2726 | D:3      | Killed Grinder
  2726 | D:3      | Reached XP level 8. HP: 39/52 MP: 9/9
  2921 | D:3      | Found an opulent altar of Gozag.
  2937 | D:3      | Found a glowing golden altar of the Shining One.
  2940 | D:3      | Found a white marble altar of Elyvilon.
  2943 | D:3      | Found an ancient bone altar of Kikubaaqudgha.
  3001 | D:3      | Reached skill level 7 in Fighting
  3109 | D:3      | Found a bloodstained altar of Trog.
  3109 | D:3      | Found an iron altar of Okawaru.
  3279 | D:5      | Reached skill level 7 in Dodging
  3379 | D:5      | Found a bloodstained altar of Trog.
  3960 | D:6      | Reached skill level 8 in Dodging
  3986 | D:6      | Found a stormy altar of Qazlal.
  4113 | D:6      | Reached skill level 8 in Fighting
  4330 | D:6      | Got a slimy war axe
  4331 | D:6      | Identified the +8 war axe of Dael {chop, +Blink Dex+2 SInv} (You found it on level 6 of the Dungeon)
  4525 | D:7      | Reached XP level 9. HP: 42/60 MP: 10/10
  4551 | D:7      | Reached skill level 9 in Dodging
  4648 | D:7      | Reached skill level 9 in Fighting
  4686 | D:7      | Reached *** piety under Lugonu
  4788 | D:7      | Reached skill level 10 in Dodging
  5008 | D:7      | Reached skill level 10 in Fighting
  5106 | D:8      | Reached XP level 10. HP: 50/68 MP: 11/11
  5117 | D:8      | Reached skill level 11 in Dodging
  5134 | D:8      | Reached **** piety under Lugonu
  5247 | D:8      | Found Henaruyph's General Store.
  5282 | D:8      | Found a roughly hewn altar of Beogh.
  5297 | D:8      | Reached skill level 11 in Fighting
  5512 | D:8      | Reached skill level 12 in Dodging
  5658 | D:8      | Reached ***** piety under Lugonu
  5735 | D:7      | Found a staircase to the Ecumenical Temple.
  6271 | D:9      | Noticed a manticore
  6278 | D:9      | Killed a manticore
  6278 | D:9      | Reached skill level 12 in Fighting
  6278 | D:9      | Reached XP level 11. HP: 53/76 MP: 12/12
  6492 | D:9      | Got a brightly glowing dagger
  6493 | D:9      | Identified the +12 dagger of the Endless Expanse {flame, rElec} (You found it on level 9 of the Dungeon)
  6641 | D:9      | Reached skill level 2 in Stealth
  6750 | D:9      | Reached skill level 3 in Short Blades
  6794 | D:9      | Reached skill level 3 in Stealth
  6840 | D:10     | Entered Level 10 of the Dungeon
  6880 | D:10     | Reached skill level 4 in Short Blades
  7000 | D:10     | Reached skill level 4 in Stealth
  7179 | D:10     | Found Ydeany's Magic Scroll Shoppe.
  7247 | D:10     | Noticed a white ugly thing
  7263 | D:10     | HP: 5/76 [white ugly thing (11)]
  7264 | D:10     | Killed a white ugly thing
  7264 | D:10     | Reached skill level 5 in Short Blades
  7264 | D:10     | Reached skill level 5 in Stealth
  7403 | D:10     | Reached skill level 6 in Short Blades
  7403 | D:10     | Reached skill level 6 in Stealth
  7535 | D:11     | Noticed a manticore
  7537 | D:11     | Killed a manticore
  7541 | D:11     | Noticed a manticore
  7549 | D:11     | Killed a manticore
  7549 | D:11     | Reached skill level 7 in Stealth
  7627 | D:11     | Found a staircase to the Lair.
  7643 | D:11     | Reached skill level 7 in Short Blades
  7869 | D:11     | Noticed Josephine
  7881 | D:11     | Killed from afar by Josephine

Vault maps used:
D:1:      dpeg_arrival_rooms_with_view, feat_on_display
D:3:      grunt_temple_overflow_cloverleaf, gammafunk_temple_overflow_elements,
          ecumenical_altar_2, uniq_grinder
D:4:      nicolae_overflow_crystal_walls, first_bread, dk_noncrumbling_3,
          kennysheep_nondescript
D:5:      basic_altar, portal_sewer_entry_b
D:6:      grunt_qazlal_sundering
D:8:      special_room, serial_shops, nicolae_shop_trees, columned_hall_lemuel,
          david_nohive_1
D:10:     serial_shops, nicolae_shop_crystal
D:11:     david_lair_shrubbed, kennysheep_orc_monster_closet_entryway,
          minmay_unpleasant_kobolds, uniq_josephine
Sewer:    kennysheep_door_sewer

Skill      XL: |  1  2  3  4  5  6  7  8  9 10 11 |
---------------+----------------------------------+-----
Dodging        | 3 4 5 6 8 10 12 | 12.7
Fighting       | 4 5 6 8 10 12 | 12.1
Stealth        | 1 7 |  7.8
Armour         | 2 |  2.0
Short Blades   | 7 |  7.7
Invocations    | |  2.0

Action                   |  1- 3 |  4- 6 |  7- 9 | 10-12 || total
-------------------------+-------+-------+-------+-------++-------
Melee: Scimitar          |    54 |    44 |   255 |   250 ||   603
       Dagger            |       |       |       |   187 ||   187
 Fire: Blowgun           |       |       |       |     2 ||     2
Invok: Depart the Abyss  |     1 |       |       |       ||     1
 Abil: Evoke Berserk Rag |       |     1 |     1 |       ||     2
Evoke: Wand              |       |       |       |     3 ||     3
  Use: Scroll            |     5 |     4 |     9 |     7 ||    25
       Potion            |       |       |       |     1 ||     1
 Stab: Sleeping          |       |     1 |       |     5 ||     6
  Eat: Chunk             |     9 |     3 |    19 |    17 ||    48
Armor: Leather armour    |     8 |       |       |     4 ||    12
       Scale mail        |       |     7 |       |       ||     7
       Plate armour      |       |     6 |   167 |    74 ||   247
       Ring mail         |       |       |       |    11 ||    11
Dodge: Dodged            |    27 |    29 |   135 |   265 ||   456

Table legend:
 A = Turns spent in this place as a percentage of turns spent in the entire game.
 B = Non-inter-level travel turns spent in this place as a percentage of non-inter-level travel turns spent in the entire game.
 C = Inter-level travel turns spent in this place as a percentage of turns spent in this place.
 D = Turns resting spent in this place as a percentage of non-inter-level travel turns spent in this place.
 E = Turns spent auto-exploring this place as a percentage of non-inter-level travel turns spent in this place.
 F = Non-inter-level travel turns spent in this place divided by the number of levels of this place that you've seen.
                   A       B       C       D       E      F
               +-------+-------+-------+-------+-------+----------------------
         Total | 100.0 | 100.0 |   0.4 |   0.3 |   0.1 | 432.7
       Dungeon |  95.4 |  95.4 |   0.4 |   0.3 |   0.2 | 525.5
         Abyss |   2.2 |   2.2 |   0.0 |   0.0 |   0.0 |  65.5
         Sewer |   2.4 |   2.4 |   0.0 |   0.0 |   0.0 | 147.0
               +-------+-------+-------+-------+-------+----------------------

Table legend:
 A = Kills in this place as a percentage of kills in entire the game.
 B = Kills by you in this place as a percentage of kills by you in the entire game.
 C = Kills by friends in this place as a percentage of kills by friends in the entire game.
 D = Other kills in this place as a percentage of other kills in the entire game.
 E = Experience gained in this place as a percentage of experience gained in the entire game.
 F = Experience gained in this place divided by the number of levels of this place that you have seen.
                   A       B       C       D       E      F
               +-------+-------+-------+-------+-------+----------------------
         Total | 100.0 | 100.0 |  -nan |  -nan | 100.0 | 899.3
       Dungeon |  97.9 |  97.9 |  -nan |  -nan |  98.7 | 1129.8
         Sewer |   2.1 |   2.1 |  -nan |  -nan |   1.3 | 162.0
               +-------+-------+-------+-------+-------+----------------------

Vault maps used:
D:1:      dpeg_arrival_rooms_with_view, feat_on_display
D:3:      grunt_temple_overflow_cloverleaf, gammafunk_temple_overflow_elements,
          ecumenical_altar_2, uniq_grinder
D:4:      nicolae_overflow_crystal_walls, first_bread, dk_noncrumbling_3,
          kennysheep_nondescript
D:5:      basic_altar, portal_sewer_entry_b
D:6:      grunt_qazlal_sundering
D:8:      special_room, serial_shops, nicolae_shop_trees, columned_hall_lemuel,
          david_nohive_1
D:10:     serial_shops, nicolae_shop_crystal
D:11:     david_lair_shrubbed, kennysheep_orc_monster_closet_entryway,
          minmay_unpleasant_kobolds, uniq_josephine
Sewer:    kennysheep_door_sewer
